 Dungeon Crawl Stone Soup version 0.24.0-123-gd5b16e6ec5 (webtiles) character file.

Game seed: 7728902652514496715, levelgen mode: deterministic

180 Curus the Insei (level 5, -5/38 HPs)
             Began as a Demonspawn Gladiator on Jan 18, 2020.
             Slain by an ogre
             ... wielding a +0 giant spiked club
              (11 damage)
             ... on level 3 of the Dungeon.
             The game lasted 00:05:20 (1440 turns).

Curus the Insei (Demonspawn Gladiator)              Turns: 1440, Time: 00:05:21

Health: -5/38      AC: 11    Str: 14    XL:     5   Next: 33%
Magic:  5/5        EV:  4    Int:  9    God:
Gold:   131        SH:  0    Dex: 16    Spells: 4/4 levels left

rFire    . . .     SeeInvis +   a - +0 quarterstaff
rCold    . . .     Gourm    .   (shield currently unavailable)
rNeg     . . .     Faith    .   l - +0 plate armour
rPois    .         Spirit   .   c - +0 helmet
rElec    .         Reflect  .   (no cloak)
rCorr    .         Harm     .   (no gloves)
MR       +....                  (no boots)
Stlth    ..........             k - amulet of magic regeneration
HPRegen  0.12/turn              e - ring of see invisible
MPRegen  0.34/turn              j - ring of protection from magic (curse)

@: no status effects
A: claws 1, hooves 1, powered by death 1
a: no special abilities


You were on level 3 of the Dungeon.
You were hungry.

You visited 1 branch of the dungeon, and saw 4 of its levels.

You collected 131 gold pieces.

Inventory:

Hand Weapons
 a - a +0 quarterstaff (weapon)
Missiles
 d - 3 throwing nets (quivered)
Armour
 b - a +0 leather armour
 c - a +0 helmet (worn)
 g - a +0 ring mail
 l - a +0 plate armour (worn)
Jewellery
 e - a ring of see invisible (left claw)
 h - an uncursed ring of fire
 i - an uncursed ring of resist corrosion
 j - a cursed ring of protection from magic (right claw)
 k - an amulet of magic regeneration (around neck)
Scrolls
 n - a scroll of identify
Comestibles
 f - 4 rations


   Skills:
 - Level 2.0 Fighting
 - Level 3.2 Staves
 - Level 1.7 Throwing
 - Level 2.6 Dodging
 + Level 4.2 Unarmed Combat


You had 4 spell levels left.
You didn't know any spells.
Your spell library was empty.

Dungeon Overview and Level Annotations

Branches:
Dungeon (4/15)
 Temple: D:4-7

Altars:


Innate Abilities, Weirdness & Mutations

You have sharp fingernails.
You have large cloven feet.
You regenerate a little health from kills.


Message History

The hobgoblin is heavily wounded.
The hobgoblin hits you but does no damage.
An ogre comes into view. It is wielding a +0 giant spiked club.
The hobgoblin hits you but does no damage.
You sock the hobgoblin!
You kill the hobgoblin!
A rat comes into view.
You hit the ogre.
The ogre is lightly wounded.
The ogre hits you with a +0 giant spiked club!!
Ouch! That really hurt!
* * * LOW HITPOINT WARNING * * *
Throwing (i - inventory)
d - 4 throwing nets (quivered)
Press: ? - help, Shift-Dir - straight line, f - ogre
Aim: an ogre, wielding a +0 giant spiked club (lightly wounded)
You throw a throwing net.
The throwing net closely misses the ogre.
The throwing net closely misses the rat.
The ogre hits you with a +0 giant spiked club!
You die...

##!.#.# ...#.# ##
..... .. #.#.. .#
. #...#####.#
...###..#...#.#
........#.....# ##
..###.>..†..r#...#
............@O.(#
##########...##.#
#...# .. #...# #..
##### .


You could see an ogre and a rat.

Vanquished Creatures
  Menkaure (D:3)
  2 adders (D:2)
  2 dart slugs (D:1)
  A leopard gecko (D:1)
  2 ball pythons (D:2)
  4 bats
  A giant cockroach (D:2)
  4 goblins
  4 hobgoblins
  6 kobolds
  5 frilled lizards
  8 rats
40 creatures vanquished.

Notes
Turn   | Place    | Note
-------+----------+-------------------------------------------
     0 | D:1      | Curus the Demonspawn Gladiator began the quest for the Orb.
     0 | D:1      | Reached XP level 1. HP: 16/16 MP: 1/1
   102 | D:1      | Gained mutation: You have sharp fingernails. [demonic
                  | ancestry]
   102 | D:1      | Reached XP level 2. HP: 18/22 MP: 2/2
   260 | D:1      | Reached skill level 1 in Unarmed Combat
   694 | D:2      | Reached XP level 3. HP: 24/27 MP: 3/3
   748 | D:2      | Reached skill level 2 in Unarmed Combat
  1344 | D:2      | You fall into a shaft and drop 2 floors!
  1344 | D:4      | Noticed an ogre
  1345 | D:4      | Noticed Menkaure
  1359 | D:3      | Killed Menkaure
  1359 | D:3      | Reached skill level 4 in Unarmed Combat
  1359 | D:3      | Gained mutation: You have large cloven feet. [demonic
                  | ancestry]
  1359 | D:3      | Reached XP level 4. HP: 7/33 MP: 4/4
  1359 | D:3      | Gained mutation: You regenerate a little health from kills.
                  | [demonic ancestry]
  1359 | D:3      | Reached XP level 5. HP: 9/38 MP: 5/5
  1436 | D:3      | Noticed an ogre
  1440 | D:3      | Slain by an ogre

Levels and vault maps discovered:
D:1:      dpeg_arrival_windows_large_door, layout_loops_ring, nrook_uturn
D:2:      layout_loops_corners, first_ration, uniq_crazy_yiuf_cottage
D:3:      layout_basic, minmay_cut_off
D:4:      layout_cave_pools, minmay_temple_entry_enclosed_plants,
          nicolae_ossuary_entry_monument, uniq_menkaure

Skill      XL: |  1  2  3 |
---------------+----------+-----
Staves         | 3 |  3.2
Unarmed Combat | 1 4 |  4.2
Fighting       | |  2.0
Throwing       | |  1.7
Dodging        | |  2.6

Action                   |  1- 3 |  4- 6 || total
-------------------------+-------+-------++-------
Melee: Quarterstaff      |   107 |     6 ||   113
       Kick              |       |     1 ||     1
Throw: Throwing net      |     1 |     1 ||     2
  Use: Scroll            |     3 |       ||     3
       Potion            |     2 |       ||     2
  Eat: Chunk             |     1 |       ||     1
Armor: Leather armour    |    10 |       ||    10
       Ring mail         |     9 |       ||     9
       Plate armour      |    24 |     4 ||    28
Dodge: Dodged            |    43 |       ||    43
